 Dungeon Crawl Stone Soup version 0.27.0-1-g7a089689b8 (webtiles) character file.

Game seed: 3292373000904450338

2136 SnakkuSnakku7 the Fighter (level 9, -3/74 HPs)
             Began as a Mummy Warper on Aug 12, 2021.
             Was an Initiate of Gozag.
             Slain by a wyvern (4 damage)
             ... on level 7 of the Dungeon.
             The game lasted 00:11:14 (7446 turns).

SnakkuSnakku7 the Fighter (Mummy Warper)            Turns: 7446, Time: 00:11:15

Health: -3/74      AC: 15    Str: 17    XL:     9   Next: 9%
Magic:  0/13       EV:  5    Int: 13    God:    Gozag
Gold:   280        SH:  0    Dex: 15    Spells: 13/13 levels left

rFire    x . .     SeeInvis .   a - +4 flail (vorpal)
rCold    + . .     Faith    .   (no shield)
rNeg     + + +     Spirit   +   y - +0 plate armour
rPois    ∞         Reflect  .   (no helmet)
rElec    .         Harm     .   f - +0 cloak
rCorr    .         Rampage  .   u - +0 pair of gloves
Will     +....                  q - +0 pair of boots
Stlth    ..........             g - amulet of Suiclos {Spirit *Slow +Inv Dex+4}
HPRegen  0.22/turn              (no ring)
MPRegen  0.13/turn              (no ring)

@: brilliant
A: cold resistance 1, negative energy resistance 3, torment resistance 2, heat
vulnerability 1, no potions
a: Renounce Religion, Evoke Invisibility, Potion Petition, Call Merchant, Bribe
Branch


You were on level 7 of the Dungeon.
You worshipped Gozag.
Gozag was aware of your devotion.
You visited 2 branches of the dungeon, and saw 8 of its levels.
You also visited: Sewer.

You collected 735 gold pieces.
You paid 455 gold pieces to Gozag.

Inventory:

Hand Weapons
 a - a +4 vorpal flail (weapon)
 e - a +0 dagger of venom
 v - a +0 mace
Missiles
 d - 4 boomerangs of dispersal (quivered)
 z - 2 throwing nets
Armour
 b - a +0 leather armour
 f - a +0 cloak (worn)
 h - a +0 chain mail
 q - a +0 pair of boots (worn)
 u - a +0 pair of gloves (worn)
 y - a +0 plate armour (worn)
Jewellery
 g - the amulet of Suiclos (around neck) {Spirit *Slow +Inv Dex+4}
   (You acquired it on level 7 of the Dungeon)

   [amulet of guardian spirit]

   It causes incoming damage to be divided between your reserves of health and
   magic.
   Dex:       It affects your dexterity (+4).
   +Inv:      It lets you turn invisible.
   *Slow:     It may slow you when you take damage.
Wands
 w - a wand of flame (1)
 x - a wand of iceblast (8)
 A - a wand of polymorph (9)
Scrolls
 c - 5 scrolls of blinking
 i - 2 scrolls of immolation {unknown}
 j - 2 scrolls of fog {unknown}
 k - 3 scrolls of vulnerability {unknown}
 l - 2 scrolls of summoning {unknown}
 m - a scroll of enchant weapon
 n - a scroll of enchant armour
 o - 2 scrolls of teleportation {unknown}
 p - a scroll of torment
 r - a scroll of identify
 s - a scroll of amnesia


   Skills:
 - Level 8.0 Fighting
 + Level 6.1 Maces & Flails
 - Level 0.7 Throwing
 - Level 4.8 Armour
 - Level 1.5 Dodging
 - Level 2.6 Spellcasting
 - Level 2.4 Translocations


You had 13 spell levels left.
You didn't know any spells.
Your spell library contained the following spells:

 Spells                   Type           Power      Damage    Failure   Level
 Blink                    Tloc           N/A        N/A       99%         2
 Magic Dart               Conj           8%         1d3       100%        1
 Summon Small Mammal      Summ           8%         N/A       100%        1
 Call Imp                 Summ           2%         N/A       100%        2
 Call Canine Familiar     Summ           2%         N/A       100%        3
 Frozen Ramparts          Ice            4%         1d2       100%        3
 Gell's Gravitas          Tloc           6%         N/A       100%        3
 Lesser Beckoning         Tloc           6%         N/A       100%        3
 Mephitic Cloud           Conj/Pois/Air  2%         N/A       100%        3
 Summon Guardian Golem    Hex/Summ       2%         N/A       100%        3
 Teleport Other           Tloc           12%        N/A       100%        3
 Summon Ice Beast         Ice/Summ       2%         N/A       100%        4
 Manifold Assault         Tloc           12%        N/A       100%        5
 Ice Form                 Ice/Tmut       Unusable   N/A       N/A         4

Dungeon Overview and Level Annotations

Branches:
Dungeon (7/15)             Temple (1/1) D:4           Sewer (visited)

Altars:
Cheibriados
Dithmenos
Fedhas
Gozag
Hepliaklqana
Nemelex Xobeh
Ru
Yredelemnul

Shops:
D:6 (

Annotations:
D:7 1 runed translucent door, Crazy Yiuf


Innate Abilities, Weirdness & Mutations

You are immune to poison.
Your flesh is cold resistant. (rC+)
You are immune to negative energy. (rN+++)
You are immune to unholy pain and torment.
You are vulnerable to heat. (rF-)
You do not drink.


Message History

[c] - 616 gold - invisibility, might and resistance Purchase which effect?
You no longer have enough gold to petition Gozag for potion effects.
You feel yourself speed up.
You feel clever all of a sudden.
The wyvern bites you but does no damage.
A sky beast comes into view.
You see here 3 gold pieces.
The sky beast flickers out of sight!
Deactivating autopickup; reactivate with Ctrl-A.
A sky beast comes into view.
Press: ? - help, v - describe, . - travel The floor.
Okay, then.
You see here a +0 spear.
You see here a +0 whip.
Things that are here:
a +0 whip; a +0 leather armour Your extra speed is starting to run out.
You feel yourself slow down.
The wyvern hisses menacingly.
The wyvern bites you.
* * * LOW HITPOINT WARNING * * *
There is a stone staircase leading up here.
You barely miss the wyvern.
The wyvern is moderately wounded.
The wyvern bites you but does no damage.
You need at least 400 gold to purchase potions right now!
Unknown command.
Okay, then.
You hit the wyvern.
The wyvern is heavily wounded.
The wyvern bites you!
* * * LOW HITPOINT WARNING * * *
The wyvern barely misses you.
You hit the wyvern but do no damage.
The wyvern is heavily wounded.
The wyvern bites you.
You die...
Your body crumbles into a pile of gold.

..# #
#.### .#
#.# ####.#
#..#.#
#....#
#.########
#.#..l...#
#.#.####.#
#)#..l@#.#
#.######.#
#..)#
##l###
###.#
#..[.#
#.###..#.#
#l#....#.#
#.#.#..#.#
#...#..#.#
######..^.


You could see a wyvern.

Vanquished Creatures
  Pikel (D:6)
  Sigmund (D:3)
  Edmund (D:5)
  An ogre (D:4)
  3 bullfrogs
  A wyvern zombie (D:6)
  2 water moccasin zombies (D:5)
  A scorpion (D:4)
  2 howler monkeys
  An orc priest (D:5)
  4 jellies
  A hound (D:5)
  3 bullfrog zombies
  A gnoll shaman (D:7)
  Ijyb (D:5)
  Terence (D:2)
  2 orc wizards (D:5)
  A killer bee zombie (D:7)
  11 adders
  7 gnolls
  6 river rats (Sewer)
  3 worms
  2 dart slugs (D:4)
  24 orcs
  7 bats
  10 endoplasms
  7 giant cockroaches
  6 hobgoblins
  7 jackals (D:4)
  A quokka (D:1)
  3 training dummies (D:6)
  19 ball pythons
  2 frilled lizards
  9 goblins
  6 kobolds
  A quokka skeleton (D:4)
  35 rats
194 creatures vanquished.

Vanquished Creatures (others)
  A demonic plant (D:2)
1 creature vanquished.

Grand Total: 195 creatures vanquished

Notes
Turn   | Place    | Note
-------+----------+-------------------------------------------
     0 | D:1      | SnakkuSnakku7 the Mummy Warper began the quest for the Orb.
     0 | D:1      | Reached XP level 1. HP: 16/16 MP: 4/4
    54 | D:1      | Reached XP level 2. HP: 9/23 MP: 5/5
   211 | D:1      | Reached skill level 3 in Fighting
   394 | D:1      | Reached XP level 3. HP: 16/29 MP: 7/7
   671 | D:2      | Found a faded altar of an unknown god.
   915 | D:2      | Noticed Terence
   929 | D:2      | Killed Terence
   930 | D:2      | Reached skill level 4 in Fighting
   930 | D:2      | Reached XP level 4. HP: 4/38 MP: 8/8
  1517 | D:3      | Found a glowing drain.
  1635 | Sewer    | Entered a sewer
  1891 | Sewer    | Reached skill level 5 in Fighting
  1892 | Sewer    | Reached XP level 5. HP: 25/44 MP: 9/9
  2717 | Sewer    | Reached skill level 6 in Fighting
  2717 | Sewer    | Reached XP level 6. HP: 17/52 MP: 10/10
  3130 | D:3      | Reached skill level 7 in Fighting
  3207 | D:3      | Noticed Sigmund
  3372 | D:3      | Killed Sigmund
  3373 | D:3      | Reached XP level 7. HP: 25/61 MP: 11/11
  4027 | D:4      | Reached skill level 8 in Fighting
  4027 | D:4      | Reached skill level 1 in Armour
  4046 | D:4      | Found a staircase to the Ecumenical Temple.
  4061 | Temple   | Entered the Ecumenical Temple
  4079 | Temple   | Became a worshipper of Gozag Ym Sagoz the Greedy
  4173 | D:4      | Found a snail-covered altar of Cheibriados.
  4750 | D:5      | Entered Level 5 of the Dungeon
  4880 | D:5      | Reached XP level 8. HP: 37/68 MP: 12/12
  5252 | D:5      | Noticed Ijyb
  5266 | D:5      | Noticed Edmund
  5268 | D:5      | Killed Ijyb
  5554 | D:5      | Killed Edmund
  6065 | D:6      | Found Paegunwi's Firing Range.
  6945 | D:7      | Identified a scroll of acquirement
  6947 | D:7      | Acquired the amulet of Suiclos {Spirit *Slow +Inv Dex+4}
  6962 | D:7      | Noticed Pikel
  7007 | D:6      | Killed Pikel
  7008 | D:6      | Reached skill level 5 in Maces & Flails
  7008 | D:6      | Reached XP level 9. HP: 38/74 MP: 9/13
  7213 | D:7      | Found a runed translucent door.
  7214 | D:7      | Noticed Crazy Yiuf
  7396 | D:7      | HP: 2/74 [wyvern (6)]
  7445 | D:7      | HP: 1/74 [wyvern (8)]
  7446 | D:7      | Slain by a wyvern

Illustrated notes

Levels and vault maps discovered:
D:1:      lemuel_arrival_room, layout_loops_ring
D:2:      layout_rooms, shapermc_ecumenical_altar_gd, uniq_terence
D:3:      layout_basic, portal_sewer_entry_c, minmay_goblin_outpost,
          uniq_sigmund
D:4:      layout_gridville, mainiacjoe_overflow_six_doors_small,
          minmay_temple_entry_slanted
D:5:      layout_cave_pools, uniq_edmund, uniq_ijyb
D:6:      layout_loops_corners, nicolae_shop_firing_range
D:7:      layout_basic, hangedman_abyss_or_decor_lesser_grid, uniq_pikel,
          uniq_crazy_yiuf_cottage
Temple:   regret_index_temple_chain_breaker

Skill      XL: |  1  2  3  4  5  6  7  8  9 |
---------------+----------------------------+-----
Fighting       | 3 4 5 6 7 8 |  8.0
Armour         | 4 |  4.8
Maces & Flails | 5 6 |  6.1
Throwing       | |  0.7
Dodging        | |  1.5
Spellcasting   | |  2.6
Translocations | |  2.4

Action                   |  1- 3 |  4- 6 |  7- 9 || total
-------------------------+-------+-------+-------++-------
Melee: Dagger            |   123 |   223 |   345 ||   691
       Mace              |     2 |       |       ||     2
       Flail             |       |       |    90 ||    90
Throw: Boomerang         |       |       |     1 ||     1
Invok: Potion Petition   |       |       |     1 ||     1
  Use: Scroll            |       |       |     7 ||     7
 Stab: Distracted        |       |       |     1 ||     1
Armor: Leather armour    |    38 |       |       ||    38
       Chain mail        |       |   165 |   227 ||   392
       Plate armour      |       |       |    61 ||    61
Dodge: Dodged            |    76 |    82 |   143 ||   301
